Map: Catalyst LE

Players

GuMiho

  • Race: Terran Terran
  • Spawn Location: 5:00

Dear - Winner!

  • Race: Protoss Protoss
  • Spawn Location: 11:00

Event: IEM Season 12 - Katowice

VOD

Have the link to the VOD?

Description

Time

  • Played on: March 1, 2018, 8:56 a.m.
  • Length: 9:26

All games in this series

Show
View Real Time Build Order
Export as new Build Order

GuMiho Terran 

Build Orders: Liberator Opening, MMM Bio 

Get SALT Encoding   

  12  0:00  SCV  
  13  0:12  SCV  
  14  0:17  Supply Depot  
  14  0:24  SCV  
  15  0:38  SCV  
  15  0:40  Barracks  
  16  0:43  Refinery  
  16  0:50  SCV  
  17  1:02  SCV  
  18  1:14  SCV  
  19  1:27  Orbital Command, Marine  
  20  1:42  Command Center  
  20  1:46  Barracks Reactor  
  20  1:52  SCV  
  21  1:56  Supply Depot  
  21  2:04  SCV  
  21  2:08  Factory  
  22  2:16  SCV  
  22  2:17  Refinery  
  22  2:22  Marine x2  
  25  2:28  SCV  
  26  2:40  SCV, Marine x2  
  29  2:52  Widow Mine, Starport  
  29  2:53  Orbital Command  
  29  2:57  Marine  
  29  2:58  Marine  
  33  3:02  SCV  
  33  3:15  Cyclone, Marine x2  
  33  3:18  SCV  
  33  3:19  SCV  
  40  3:28  Medivac  
  40  3:33  Supply Depot, SCV  
  40  3:34  SCV, Marine  
  44  3:36  Marine  
  46  3:45  Liberator  
  46  3:48  Factory Tech Lab  
  46  3:52  Supply Depot  
  46  3:54  SCV x2, Marine x2  
  50  4:00  Supply Depot  
  53  4:10  Engineering Bay  
  53  4:12  SCV  
  53  4:14  SCV, Marine x2  
  57  4:19  Siege Tank  
  60  4:24  Supply Depot  
  60  4:25  SCV  
  60  4:26  SCV  
  61  4:32  Marine  
  59  4:39  Marine  
  59  4:43  SCV  
  59  4:44  SCV  
  60  4:49  Marine  
  60  4:51  Siege Tank  
  64  4:53  Barracks  
  64  4:55  Supply Depot  
  64  4:57  Marine  
  64  4:59  SCV x2  
  67  5:07  Marine  
  67  5:08  Supply Depot, Barracks  
  68  5:15  Marine, Refinery  
  68  5:16  SCV  
  68  5:17  SCV  
  68  5:19  Supply Depot  
  70  5:25  Marine  
  64  5:30  Siege Tank  
  64  5:32  SCV x2, Medivac  
  64  5:33  Marine  
  69  5:42  Barracks Tech Lab  
  67  5:43  Marine  
  67  5:44  SCV x2  
  67  5:47  Terran Infantry Weapons Level 1  
  67  5:48  Refinery  
  70  5:51  Marine  
  70  5:56  SCV x2, Barracks  
  70  6:01  Stimpack  
  70  6:02  Supply Depot, Marine  
  70  6:03  Barracks  
  71  6:07  Marine  
  71  6:11  Starport Reactor  
  73  6:13  SCV x2  
  74  6:19  Supply Depot  
  74  6:20  Factory Reactor, Combat Shields  
  74  6:24  Marauder  
  74  6:25  SCV x2  
  78  6:26  Marine x2, Marauder  
  78  6:44  Marine, Barracks Tech Lab  
  78  6:46  Marauder  
  81  6:47  Marauder  
  81  6:53  Marine  
  84  6:58  SCV x2  
  85  7:07  Marauder x2  
  85  7:08  Widow Mine x2, Medivac x2  
  96  7:09  Barracks Tech Lab  
  96  7:11  Supply Depot x2  
  96  7:12  Marauder  
  96  7:13  Marine x2  
  100  7:17  Concussive Shells  
  100  7:28  Marauder  
  100  7:29  Marauder  
  108  7:30  Widow Mine x2, Marauder  
  108  7:33  Marine x2, Marauder  
  108  7:36  Supply Depot  
  114  7:44  Supply Depot  
  114  7:50  Marauder x2  
  114  7:51  Marine  
  117  8:00  Marine  
  117  8:01  Marauder x2  
  112  8:09  Marine  
  112  8:10  Marine  
  112  8:11  Marine, Medivac x2  
  105  8:18  Marine  
  100  8:22  Marauder x2  
  104  8:29  Marauder x2  
  104  8:30  Widow Mine x2  
  106  8:42  Marine x2  
  106  8:43  Marauder  
  106  8:44  Marauder  
  106  8:45  Medivac  
  114  8:50  Marine x2  
  116  9:00  Marine x2  
  117  9:04  Marine x2  
  117  9:07  Marine  
Show
View Real Time Build Order
Export as new Build Order

Dear Protoss - Winner!

Build Orders: 1 Gate Expand, Blink Stalkers 

Get SALT Encoding   

  12  0:00  Probe  
  13  0:12  Probe  
  14  0:17  Pylon  
  14  0:24  Probe (Chrono Boost)  
  15  0:36  Probe (Chrono Boost)  
  15  0:37  Gateway  
  16  0:44  Probe (Chrono Boost)  
  16  0:46  Assimilator  
  17  0:51  Probe  
  18  1:03  Probe  
  19  1:15  Probe  
  20  1:23  Nexus  
  20  1:33  Cybernetics Core  
  20  1:35  Probe  
  21  1:42  Assimilator  
  21  1:47  Probe  
  21  1:53  Pylon  
  22  2:00  Probe  
  23  2:09  Stalker (Chrono Boost)  
  23  2:10  Warp Gate  
  23  2:12  Probe  
  26  2:22  Twilight Council  
  26  2:24  Probe (Chrono Boost)  
  27  2:35  Probe (Chrono Boost)  
  27  2:36  Probe (Chrono Boost), Stalker  
  33  2:44  Probe (Chrono Boost)  
  33  2:45  Probe (Chrono Boost)  
  33  2:49  Probe (Chrono Boost)  
  33  2:50  Probe  
  33  2:53  Blink (Chrono Boost)  
  35  3:01  Probe  
  35  3:02  Probe  
  37  3:08  Stalker  
  39  3:13  Probe  
  39  3:14  Probe  
  39  3:18  Gateway  
  41  3:23  Gateway  
  41  3:26  Probe  
  41  3:27  Probe  
  43  3:31  Pylon  
  43  3:36  Shield Battery  
  43  3:38  Probe  
  45  3:42  Stalker  
  46  3:50  Probe  
  46  3:51  Probe, Robotics Facility  
  48  3:56  Pylon  
  48  3:58  Assimilator  
  48  4:03  Probe x2  
  50  4:15  Probe x2  
  52  4:22  Stalker x3  
  57  4:28  Pylon  
  57  4:45  Probe x2  
  59  4:47  Assimilator  
  59  4:52  Stalker x3  
  65  4:57  Nexus  
  65  5:01  Probe x2  
  65  5:05  Pylon  
  67  5:12  Charge, Forge  
  67  5:13  Forge, Observer  
  68  5:16  Probe  
  68  5:18  Probe  
  66  5:31  Probe x2  
  60  5:38  Warp Prism  
  60  5:41  Sentry, Stalker  
  60  5:42  Stalker  
  67  5:43  Probe x2  
  65  5:51  Protoss Ground Weapons Level 1 (Chrono Boost), Protoss Ground Armor Level 1 (Chrono Boost)  
  65  5:56  Probe x2  
  67  6:10  Gateway  
  67  6:12  Probe, Gateway  
  67  6:13  Probe  
  67  6:14  Probe  
  67  6:17  Gateway  
  70  6:20  Immortal (Chrono Boost)  
  74  6:32  Stalker x3  
  82  6:57  Zealot x3  
  88  7:05  Gateway x2  
  88  7:07  Stalker x2  
  88  7:09  Probe x2  
  88  7:10  Probe  
  88  7:11  Pylon  
  88  7:13  Pylon  
  91  7:20  Templar Archives  
  91  7:23  Pylon  
  91  7:24  Pylon  
  91  7:26  Probe x2  
  91  7:27  Immortal (Chrono Boost)  
  91  7:29  Probe  
  98  7:32  Zealot x4  
  104  7:39  Zealot x2  
  104  7:43  Pylon  
  108  7:47  Psionic Storm  
  108  7:56  Immortal (Chrono Boost)  
  108  8:01  Zealot x5  
  108  8:02  Zealot  
  108  8:03  High Templar x2  
  126  8:07  Archon  
  126  8:08  Pylon  
  126  8:10  Pylon  
  108  8:23  Pylon  
  108  8:25  Zealot x2, High Templar x3  
  108  8:26  Zealot  
  112  8:28  Warp Prism (Chrono Boost)  
  112  8:30  Pylon  
  110  8:44  Stalker x2  
  110  8:47  Zealot x2  
  110  8:48  Zealot  
  120  9:00  Stalker x3  
  126  9:09  Zealot x5  
  136  9:20  Archon  

Tags
 
Add a new tag
Caveats
  • Supply blocks, unpowered buildings, or Contaminate may cause inaccurate times.
  • Supply counts are checked every 10 seconds.